AoeStats
← Sombra Nocturna Enroscada

Arabia

510187281Analyzed
1v1 RM · 2d ago on Sep 29, 2026· 58m 14s· 2 players
Game mode
Random Map
Map size
Tiny (2 player)
Population
200
Speed
Normal
Resources
Standard
Victory
Conquest
Starting age
Dark Age
Ending age
Imperial Age
RankedLock teamsTeams togetherTeam positionsShared explorationLock speedFull tech treeHidden civsTurbo modeCheats
Victory
Defeat
🇫🇷 Japanese · France
917
+15
🇦🇷 Franks · Argentina
890
-15
Sombra Nocturna Enroscada
9:45 Feudal Age
10:25 Double-Bit Axe
16:48 Wheelbarrow
15:58 Loom
20:32 Castle Age
19:10 Stone Mining
19:15 Gold Mining
21:27 Bow Saw
21:56 Gold Shaft Mining
29:13 Imperial Age
29:25 Hand Cart
30:56 Murder Holes
31:21 Ballistics
30:55 Fletching
34:38 Chemistry
33:37 Bodkin Arrow
35:16 Arrowslits
35:41 Masonry
35:38 Siege Engineers
35:13 Treadmill Crane
35:35 Town Watch
35:18 Cavalier
35:58 Husbandry
36:06 Scale Barding Armor
36:12 Forging
37:31 Chain Barding Armor
38:48 Iron Casting
37:41 Light Cavalry
37:55 Paladin
40:22 Plate Barding Armor
40:08 Pikeman
40:34 Gambesons
42:50 Scale Mail Armor
43:50 Blast Furnace
42:19 Elite Skirmisher
42:24 Halberdier
43:05 Squires
52:50 Town Patrol
Gudart34
8:05 Loom
10:21 Feudal Age
16:33 Castle Age
14:28 Double-Bit Axe
15:34 Horse Collar
15:47 Gold Mining
17:51 Bow Saw
17:52 Heavy Plow
24:09 Gold Shaft Mining
25:41 Wheelbarrow
24:52 Town Watch
27:21 Bloodlines
27:11 Husbandry
27:48 Hand Cart
28:27 Town Patrol
28:44 Forging
28:40 Scale Barding Armor
28:36 Scale Mail Armor
29:21 Husbandry
32:55 Imperial Age
31:49 Iron Casting
31:29 Chain Mail Armor
31:32 Pikeman
32:13 Squires
31:59 Arson
32:38 Chain Barding Armor
33:00 Halberdier
34:04 Conscription
33:04 Elite Samurai
34:58 Two-Man Saw
33:30 Cavalier
36:04 Blast Furnace
35:34 Plate Mail Armor
36:14 Kataparuto
37:09 Hoardings
37:35 Ballistics
38:17 Chemistry
53:52 Light Cavalry
Connection lost

Rejoining the realm…

Still unreachable

The connection could not be restored.

Session expired

The server has moved on; the page needs a fresh start.